AoeStats
← Jonda

Arabia

510153400Analyzed
2v2 RM · 2d ago on Sep 29, 2026· 37m 58s· 4 players
Game mode
Random Map
Map size
Medium (4 player)
Population
200
Speed
Normal
Resources
Standard
Victory
Conquest
Starting age
Dark Age
Ending age
Imperial Age
RankedLock teamsTeams togetherTeam positionsShared explorationLock speedFull tech treeHidden civsTurbo modeCheats
Victory
Defeat
🇫🇷 Franks · France
855
+14
🇺🇸 Ethiopians · United States
827
+15
🇨🇭 Jurchens · Switzerland
827
-15
🇫🇷 Magyars · France
802
-14
fnon
12:53 Feudal Age
14:50 Double-Bit Axe
19:49 Scale Barding Armor
19:55 Forging
25:58 Castle Age
24:32 Gold Mining
24:35 Stone Mining
25:45 Fletching
28:22 Wheelbarrow
28:24 Gold Shaft Mining
28:01 Bow Saw
28:43 Husbandry
30:00 Crossbowman
33:02 Bodkin Arrow
33:46 Iron Casting
35:21 Hand Cart
35:20 Padded Archer Armor
36:23 Pikeman
37:04 Squires
37:06 Scale Mail Armor
37:22 Leather Archer Armor
Jonda
4:02 Loom
11:28 Feudal Age
12:36 Double-Bit Axe
18:38 Castle Age
17:04 Gold Mining
18:42 Fletching
19:18 Padded Archer Armor
19:05 Crossbowman
21:28 Wheelbarrow
21:23 Bodkin Arrow
22:04 Leather Archer Armor
24:57 Hand Cart
26:23 Bow Saw
27:23 Horse Collar
30:25 Thumb Ring
31:08 Heavy Plow
34:49 Imperial Age
32:13 Town Watch
33:28 Forging
35:55 Conscription
35:13 Arbalester
36:42 Bracer
Black
9:35 Loom
11:58 Feudal Age
14:45 Double-Bit Axe
17:03 Castle Age
15:09 Horse Collar
17:38 Forging
18:02 Husbandry
18:12 Bloodlines
21:55 Wheelbarrow
23:41 Scale Barding Armor
26:24 Chain Barding Armor
29:54 Hand Cart
31:18 Stone Mining
31:01 Elite Skirmisher
32:43 Town Watch
33:23 Squires
Anz
8:36 Loom
10:44 Feudal Age
11:20 Double-Bit Axe
11:19 Horse Collar
13:31 Wheelbarrow
13:54 Padded Archer Armor
23:28 Castle Age
25:38 Elite Skirmisher
26:37 Leather Archer Armor
26:29 Scale Barding Armor
27:18 Hand Cart
27:38 Bloodlines
31:29 Chain Barding Armor
37:38 Corvinian Army
Connection lost

Rejoining the realm…

Still unreachable

The connection could not be restored.

Session expired

The server has moved on; the page needs a fresh start.